[Event "*** Titled Tuesday Blitz"]
[Site "Chess.com"]
[Date "2020.12.29"]
[Round "6"]
[White "mat_kolosowski"]
[Black "Mikhail_Golubev"]
[Result "1-0"]
[WhiteElo "2705"]
[BlackElo "2499"]
[TimeControl "180+1"]
[EndTime "11:06:07 PST"]
[Termination "mat_kolosowski won on time"]

1. e4 c5 2. Nc3 Nc6 3. Bb5 Nd4 4. Bc4 e6 5. Nge2 Qc7 6. O-O a6 7. a4 Nf6 8. d3 Be7 9. f4 Nxe2+ 10. Qxe2 d6 11. e5 Nd7 12. exd6 Bxd6 13. Ne4 O-O 14. Qh5 Be7 15. Bd2 Nf6 16. Qf3 Bd7 17. Bc3 Bc6 18.
Rfe1 Nd5 19. Be5 Qd8 20. Qg3 f6 21. Bc3 Kh8 22. Nf2 Bd6 23. Nh3 Qc7 24. Bd2 Rae8 25.
Re2 g5 26. Qg4 gxf4 27. Rxe6 f5 28. Qe2 Rxe6 29. Qxe6 Re8 30. Qh6 Re2 31. Bxd5 Bxd5 32. Bc3+ Kg8 33. Qg5+ Kf8 34. Nf2 Qf7 35. Qd8+ Re8 36.
Qxd6+ Kg8 37. Qxf4 1-0

[Event "*** Titled Tuesday Blitz"]
[Site "Chess.com"]
[Date "2020.12.29"]
[Round "6"]
[White "Legendinunknown"]
[Black "NoGalloNoParty"]
[Result "1-0"]
[WhiteElo "2553"]
[BlackElo "2368"]
[TimeControl "180+1"]
[EndTime "11:06:07 PST"]
[Termination "Legendinunknown won on time"]

1. d4 Nf6 2. c4 g6 3. Nc3 d5 4.
cxd5 Nxd5 5. Nf3 Bg7 6. Bd2 O-O 7. e4 Nxc3 8. Bxc3 b6 9. Bd3 Bb7 10. O-O Nd7 11. Qe2 e6 12. Ba6 Qc8 13. Bxb7 Qxb7 14.
Rad1 Rfd8 15. h4 c5 16. h5 cxd4 17. Nxd4 Nc5 18. hxg6 hxg6 19. f3 Rd7 20. Nb5 Rad8 21. Bxg7 Kxg7 22. Nc3 Qc7 23. Rxd7 Rxd7 24. Rd1 Qf4 25.
Rxd7 Nxd7 26. Kf2 Ne5 27. g3 Qc1 28. Kg2 g5 29. Nb5 g4 30. fxg4 Qg5 31. Nxa7 Nxg4 32.
Nb5 Ne3+ 33. Kf3 f5 34. Qxe3 fxe4+ 35. Qxe4 Qxb5 36. Qxe6 Qxb2 37. Qg4+ Kf6 38. Qf4+ Kg7 39. a4 Qc3+ 40. Kg4 Qc8+ 41. Kh4 Qc2 42. Qg5+ Kf7 43.
Qd5+ Kg7 44. g4 Qxa4 45. Qb7+ Kg6 46. Qxb6+ Kg7 47. Qc7+ Kg6 48. Qd6+ Kg7 49. Qe7+ Kg6 50. Qe6+ Kg7 51. Kh5 Qb5+ 52. g5 Qf1 53. Qe7+ Qf7+ 54.
Qxf7+ Kxf7 55. Kh6 Kf8 56. Kh7 1-0

[Event "*** Titled Tuesday Blitz"]
[Site "Chess.com"]
[Date "2020.12.29"]
[Round "6"]
[White "Jospem"]
[Black "Grandelicious"]
[Result "0-1"]
[WhiteElo "2978"]
[BlackElo "2874"]
[TimeControl "180+1"]
[EndTime "11:06:08 PST"]
[Termination "Grandelicious won by resignation"]

1. e4 c6 2. Nf3 d5 3. d3 g6 4.
Nbd2 Bg7 5. g3 e5 6. Bg2 Ne7 7. O-O O-O 8. Re1 Nd7 9. a4 a5 10. Nb3 Re8 11. c4 dxc4 12. dxc4 c5 13. Bg5 Qb6 14.
Bxe7 Rxe7 15. Qc2 Nf8 16. Nbd2 Ne6 17. Nf1 Nd4 18. Qc3 Bg4 19. Kh1 Qb4 20. Qxb4 axb4 21. Nxd4 exd4 22. f3 Bd7 23. b3 Rae8 24. f4 Bc6 25.
Nd2 d3 26. Rad1 Bc3 27. e5 Bxg2+ 28. Kxg2 f6 29. Ne4 fxe5 30. Rf1 exf4 31. Nxc5 Re2+ 32. Kh3 fxg3 33. hxg3 d2 34. Nd3 Re1 35. Nf2 R8e2 36. Kg2 Bd4 37. Rxd2 Rxd2 38. Rxe1 Rxf2+ 39. Kh3 b6 40. a5 bxa5 41. Rd1 Bc5 42. Rd8+ Rf8 43. Rd5 Rc8 44. Kg4 Kf7 45. Kg5 a4 46. bxa4 b3 47.
Rd1 b2 48. Kh6 Be3+ 49. Kxh7 Bc1 50. Rf1+ Ke6 51. Re1+ Kf5 0-1

[Event "*** Titled Tuesday Blitz"]
[Site "Chess.com"]
[Date "2020.12.29"]
[Round "6"]
[White "ClydeHillKid"]
[Black "Margency"]
[Result "0-1"]
[WhiteElo "2378"]
[BlackElo "2598"]
[TimeControl "180+1"]
[EndTime "11:06:08 PST"]
[Termination "Margency won by resignation"]

1. e4 e5 2. Nf3 d5 3. exd5 e4 4. Nd4 Qxd5 5. Nb3 Nf6 6. Nc3 Qe5 7. Be2 Bd6 8. d4 exd3 9. Qxd3 O-O 10. Be3 Bf5 11.
Qd2 Nc6 12. h3 Rfd8 13. Qc1 Bb4 14. O-O Bxc3 15. bxc3 Qxc3 16. g4 Qxc2 17. gxf5 Qxe2 18. Kg2 Ne5 19. Nd4 Qh5 20. Qxc7 Rd5 21. Qxb7 Rad8 22. f4 Nc4 23. Bg1 Nd6 24. Qc7 Nxf5 25. Nxf5 Qxf5 26. Rae1 h6 27. Bxa7 Rd2+ 28. Rf2 Nh5 29. Be3 Rxf2+ 30. Kxf2 Rc8 31. Qe5 Qxh3 32. Re2 Qg3+ 33.
Kf1 Qg4 34. Qd4 Ng3+ 35. Kg1 Nxe2+ 36. Kh1 Nxd4 0-1

[Event "*** Titled Tuesday Blitz"]
[Site "Chess.com"]
[Date "2020.12.29"]
[Round "6"]
[White "WinOrTilt"]
[Black "IMVoja"]
[Result "0-1"]
[WhiteElo "2135"]
[BlackElo "2416"]
[TimeControl "180+1"]
[EndTime "11:06:08 PST"]
[Termination "IMVoja won on time"]

1. d4 Nf6 2. Nf3 g6 3. Be3 Bg7 4. g3 d6 5. Bg2 c5 6. O-O cxd4 7.
Bxd4 Nc6 8. Nc3 Nxd4 9. Nxd4 O-O 10. Re1 Bg4 11. h3 Bd7 12. Bxb7 Rb8 13. Nc6 Bxc6 14.
Bxc6 Rxb2 15. Rb1 Rxb1 16. Qxb1 Qc7 17. Nd5 Nxd5 18. Bxd5 e6 19. Bb3 Rb8 20. Qd1 d5 21. e4 dxe4 22. Rxe4 Rd8 23. Qf1 Bd4 24. Kh2 Bb6 25.
Qe2 Qc3 26. Rc4 Qa1 27. c3 Qc1 28. Rf4 Qd2 29. Qf3 Qd7 30. h4 h5 31. g4 hxg4 32.
Rxg4 Qd6+ 33. Kg2 Qe5 34. Rg5 Qe1 35. h5 Rd2 36. Qa8+ Kg7 37. h6+ Kxh6 38. Qh8+ Kxg5 0-1

[Event "*** Titled Tuesday Blitz"]
[Site "Chess.com"]
[Date "2020.12.29"]
[Round "6"]
[White "Kildepiotr"]
[Black "VladaSviridova"]
[Result "1-0"]
[WhiteElo "2614"]
[BlackElo "2243"]
[TimeControl "180+1"]
[EndTime "11:06:09 PST"]
[Termination "Kildepiotr won by resignation"]

1. Nf3 d5 2. g3 c6 3. Bg2 Nf6 4.
O-O Bf5 5. d3 h6 6. Nbd2 e6 7.
Qe1 Nbd7 8. e4 Bh7 9. Qe2 Nb6 10. a4 a5 11. b3 Be7 12. Bb2 O-O 13. Ne5 Nfd7 14. f4 Nxe5 15. fxe5 Nd7 16. exd5 cxd5 17. Nf3 Rc8 18. Bd4 Qc7 19. Rf2 Bc5 20. Raf1 Bxd4 21.
Nxd4 Qxe5 22. Qxe5 Nxe5 23. Bh3 Bg6 24. Re1 Nc6 25.
Nb5 Rcd8 26. d4 Ne7 27. c4 dxc4 28. bxc4 Nf5 29. Rd2 Nd6 30. c5 Nxb5 31. axb5 Rd7 32. Rc1 Rfd8 33. c6 bxc6 34. bxc6 Rc7 35. Bg2 Rd6 36. Rc5 a4 37. Rc4 a3 38. Ra2 f6 39.
Rxa3 Bf7 40. Ra8+ Kh7 41. Ra5 e5 42. d5 f5 43. Rcc5 e4 44. Bf1 g5 45. Bc4 f4 46. Rab5 Kg6 47. Rb7 Rxb7 48. cxb7 Rb6 49. Rb5 Rxb5 50. Bxb5 Bxd5 51. b8=Q 1-0

[Event "*** Titled Tuesday Blitz"]
[Site "Chess.com"]
[Date "2020.12.29"]
[Round "6"]
[White "Alexandr_Kholin"]
[Black "Chamal_Gedgafov"]
[Result "1-0"]
[WhiteElo "2549"]
[BlackElo "2227"]
[TimeControl "180+1"]
[EndTime "11:06:10 PST"]
[Termination "Alexandr_Kholin won on time"]

1. d4 d5 2. c4 c6 3. Nf3 e6 4.
e3 f5 5. Nc3 Nf6 6. g3 Bd6 7.
Bg2 O-O 8. O-O Nbd7 9. b3 Ne4 10.
Ne2 Qf6 11. Bb2 g5 12. Nc1 g4 13. Nd2 h5 14. Nd3 Qh8 15. Nf4 Ndf6 16. Ng6 Qh6 17.
Nxf8 Kxf8 18. Nxe4 Nxe4 19. a4 Kg8 20. Ba3 Bc7 21. Rc1 h4 22. b4 Bd7 23. Bxe4 dxe4 24. Qd2 Kf7 25. d5 Rh8 26. d6 Bd8 27. Bb2 Rh7 28.
Be5 hxg3 29. fxg3 Bf6 30. Bxf6 Qxf6 31. Rf2 e5 32. c5 Ke8 33. b5 cxb5 34. axb5 Bxb5 35.
Qd5 Rg7 36. Qxe4 Rf7 37. d7+ Bxd7 38. Qxb7 1-0

[Event "*** Titled Tuesday Blitz"]
[Site "Chess.com"]
[Date "2020.12.29"]
[Round "6"]
[White "rynos0411"]
[Black "kleopl"]
[Result "0-1"]
[WhiteElo "2320"]
[BlackElo "2463"]
[TimeControl "180+1"]
[EndTime "11:06:10 PST"]
[Termination "kleopl won by resignation"]

1. Nf3 c5 2. c4 g6 3. Nc3 Bg7 4. e3 Nf6 5. d4 cxd4 6. exd4 d5 7. Be3 O-O 8. h3 Nc6 9. Be2 dxc4 10. Bxc4 Bf5 11.
O-O Ne4 12. Rc1 Nxc3 13. bxc3 Na5 14. Bd3 Bxd3 15. Qxd3 Rc8 16. c4 e6 17. h4 h5 18.
Rfd1 b6 19. Ng5 Nc6 20. g3 Qd6 21. Ne4 Qd7 22. Bg5 Qxd4 23. Qf3 Ne5 24. Nf6+ Kh8 25.
Qe2 Qc5 26. Ne4 Qa3 27. Bf6 Ng4 28. Bxg7+ Kxg7 29. Rc3 Qe7 30. Rf3 Rfd8 31. Rxd8 Rxd8 32. Ng5 Rf8 33. Qe4 e5 34. Kg2 f6 35. Qc6 fxg5 36.
Rxf8 Qxf8 37. f3 Ne3+ 38. Kf2 gxh4 39. Kxe3 hxg3 40. Qc7+ Kh6 41. Qxe5 Qc5+ 42. Qxc5 bxc5 43. f4 h4 44. Kf3 g5 45. f5 Kg7 0-1

[Event "*** Titled Tuesday Blitz"]
[Site "Chess.com"]
[Date "2020.12.29"]
[Round "6"]
[White "Hikaru"]
[Black "petrpalachev"]
[Result "0-1"]
[WhiteElo "3227"]
[BlackElo "2747"]
[TimeControl "180+1"]
[EndTime "11:06:11 PST"]
[Termination "petrpalachev won on time"]

1. Nf3 d5 2. b3 Bf5 3. g3 e6 4. Nh4 Bg6 5. Nxg6 hxg6 6. Bg2 Nf6 7. Bb2 Nbd7 8. d3 Bd6 9. Nd2 c6 10. e4 dxe4 11. dxe4 Be5 12. Bxe5 Nxe5 13. f4 Neg4 14.
Nc4 Qxd1+ 15. Rxd1 Ke7 16. h3 Nh6 17. g4 Nd7 18. g5 Ng8 19. Nd6 f6 20. Nxb7 e5 21. Na5 Rc8 22. h4 exf4 23. Bh3 Rc7 24. Nxc6+ Rxc6 25.
Rxd7+ Kf8 26. Rd8+ Ke7 27. Rd7+ Kf8 28. gxf6 gxf6 29.
c4 a5 30. Kf2 Rxh4 31. Ra7 Ne7 32. Ra8+ Kg7 33. Ra7 Kf8 34. Rxa5 g5 35. Ra8+ Kg7 36.
Ra7 Kf8 37. e5 fxe5 38. Bg2 Rxh1 39. Bxh1 Rd6 40. c5 Rd2+ 41. Kf3 Rc2 42. b4 Nc6 43. Rc7 Nd4+ 44. Kg4 Rxa2 0-1

[Event "*** Titled Tuesday Blitz"]
[Site "Chess.com"]
[Date "2020.12.29"]
[Round "6"]
[White "arctic_t00"]
[Black "dretch"]
[Result "0-1"]
[WhiteElo "2627"]
[BlackElo "2846"]
[TimeControl "180+1"]
[EndTime "11:06:12 PST"]
[Termination "dretch won by resignation"]

1. d4 d5 2. c4 c6 3. Nf3 Nf6 4. e3 Bf5 5. Nc3 e6 6. Bd3 Bxd3 7. Qxd3 Nbd7 8. O-O Bb4 9. Ne2 O-O 10. a3 Bd6 11. Nc3 dxc4 12. Qxc4 e5 13. e4 Re8 14. Bg5 Qc7 15. dxe5 Nxe5 16. Nxe5 Bxe5 17. Bxf6 Bxf6 18. Nd5 Qd6 19. Nxf6+ Qxf6 20. b4 Rad8 21. Rad1 Qb2 22. Rd3 h6 23. Rfd1 Rxd3 24. Qxd3 Qe5 25. f3 a5 26. Qd4 Qb5 27. h3 Qa4 28. Rd3 axb4 29.
axb4 Ra8 30. Kh2 Qb5 31. e5 Ra4 32. Qd8+ Kh7 33. Re3 Qxb4 34. Qd3+ Kg8 35. Qd8+ Qf8 36. Qd3 Qe7 37. Qb3 Ra5 38. f4 Rb5 39. Qd3 Rd5 40. Qf5 Qe6 41. Qh5 b5 42. f5 Qe7 43.
f6 Qxf6 44. Qe2 Qf4+ 45. g3 Qb4 46.
e6 fxe6 47. Rxe6 Rd2 0-1

[Event "*** Titled Tuesday Blitz"]
[Site "Chess.com"]
[Date "2020.12.29"]
[Round "6"]
[White "comsac"]
[Black "SamuelGhimpu2003"]
[Result "0-1"]
[WhiteElo "2412"]
[BlackElo "2610"]
[TimeControl "180+1"]
[EndTime "11:06:13 PST"]
[Termination "SamuelGhimpu2003 won on time"]

1. e4 e6 2. d4 d5 3. exd5 exd5 4. Nf3 Nf6 5. Bd3 c5 6. c3 c4 7.
Be2 Bd6 8. O-O O-O 9. b3 cxb3 10.
axb3 Nc6 11. Bg5 Re8 12. Nbd2 h6 13. Bh4 a6 14. Bd3 Bg4 15. Re1 Rxe1+ 16. Qxe1 Rc8 17. h3 Be6 18. Ne5 Be7 19. Nxc6 Rxc6 20. Nf3 Qc7 21. Bg3 Qc8 22. c4 Rb6 23. c5 Rxb3 24. Bc2 Rb2 25. Qc3 Rxc2 26. Qxc2 Ne4 27. Bh2 Bf6 28. Rb1 Bd7 29.
Ne5 Bxe5 30. Bxe5 f6 31. Bh2 Bc6 32. f3 Ng5 33. Qg6 Bb5 34. h4 Nf7 35. Re1 a5 36. Re7 Be8 0-1

[Event "*** Titled Tuesday Blitz"]
[Site "Chess.com"]
[Date "2020.12.29"]
[Round "6"]
[White "paulrusan"]
[Black "serena-maria"]
[Result "1-0"]
[WhiteElo "2246"]
[BlackElo "2366"]
[TimeControl "180+1"]
[EndTime "11:06:13 PST"]
[Termination "paulrusan won on time"]

1. e4 c5 2. b4 cxb4 3. Bb2 d5 4. exd5 Qxd5 5. d4 Nc6 6. c4 bxc3 7. Nxc3 Qxd4 8. Nd5 Qe4+ 9. Be2 Bd7 10. Nc7+ Kd8 11.
Nxa8 e6 12. Nf3 Bb4+ 13. Kf1 Nge7 14. Rc1 Kc8 15. Bxg7 Rg8 16. Be5 Nd5 17. Rc4 Qg6 18. Bg3 f6 19. h4 Qh6 20. h5 Rxg3 21. fxg3 Ne3+ 22. Kf2 Nxd1+ 23. Rxd1 Qxh5 24. Nd4 Qa5 25. Nxc6 Bxc6 26. Kg1 Bc5+ 27. Kh2 b6 28. Rh4 Bxa8 29. Rxh7 Bd5 30. Bf3 Qxa2 31. Bxd5 exd5 32. Re1 Qa4 33.
Re6 Bd4 34. Ree7 Kd8 35. Rxa7 Bg1+ 36. Kxg1 Qd1+ 37. Kh2 1-0

[Event "*** Titled Tuesday Blitz"]
[Site "Chess.com"]
[Date "2020.12.29"]
[Round "6"]
[White "ckgchess"]
[Black "Geller_Jakov"]
[Result "1-0"]
[WhiteElo "2776"]
[BlackElo "2606"]
[TimeControl "180+1"]
[EndTime "11:06:15 PST"]
[Termination "ckgchess won by resignation"]

1. e4 c5 2. c3 Nf6 3. e5 Nd5 4. d4 cxd4 5. Qxd4 e6 6. Nf3 Nc6 7. Qe4 f5 8. Qe2 a6 9. g3 b5 10. Bg2 Bb7 11. O-O Be7 12. Nbd2 O-O 13. Nb3 Rc8 14. Rd1 Qc7 15. a4 bxa4 16. Rxa4 Qb6 17. Nbd4 Nxd4 18. Nxd4 f4 19. Be4 g6 20.
Ra1 Bc5 21. Nf3 fxg3 22. hxg3 Rf7 23. c4 Nb4 24. Bxb7 Qxb7 25. Bf4 Rcf8 26. Kg2 Nc6 27.
Qe4 Qxb2 28. Rf1 Nb4 29. Rab1 Qc2 30. Qxc2 Nxc2 31. Ng5 Rf5 32. Ne4 Bd4 33. Nf6+ Kg7 34. Rfd1 Bxe5 35. Bxe5 Rxe5 36. Nxd7 Rff5 37. Nxe5 Rxe5 38.
Rd2 Na3 39. Rc1 Re4 40. c5 Nb5 41. c6 1-0

[Event "*** Titled Tuesday Blitz"]
[Site "Chess.com"]
[Date "2020.12.29"]
[Round "6"]
[White "Leo_C"]
[Black "Nadtkins"]
[Result "1-0"]
[WhiteElo "2374"]
[BlackElo "2517"]
[TimeControl "180+1"]
[EndTime "11:06:16 PST"]
[Termination "Leo_C won on time"]

1. d4 Nf6 2. c4 c5 3. d5 b5 4. cxb5 a6 5. e3 e6 6. Nc3 Bb7 7. dxe6 fxe6 8. Nf3 d5 9. b3 Bd6 10. Bb2 O-O 11. Be2 Nbd7 12. O-O Qe8 13. a4 Qh5 14. h3 Qg6 15. Qb1 Qh6 16. Qd1 Ne5 17. bxa6 Nxf3+ 18. Bxf3 Bxa6 19. Nb5 Be7 20. Re1 Rac8 21.
Qd2 Bb7 22. Qa5 Bc6 23. Be5 Nd7 24. Bf4 Qg6 25. Na7 Ra8 26. Qc7 Rxa7 27. Qxa7 e5 28.
Bh2 Rxf3 29. Bxe5 Rf8 30. Qc7 d4 31. Bg3 dxe3 32. Rxe3 Bd8 33. Qa7 Bb6 34. Qa6 Kh8 35. a5 Bd8 36. Rd1 Bf6 37. Red3 Bd4 38. b4 1-0

[Event "*** Titled Tuesday Blitz"]
[Site "Chess.com"]
[Date "2020.12.29"]
[Round "6"]
[White "norwaytoadog"]
[Black "Alekseyviktorovich"]
[Result "0-1"]
[WhiteElo "2187"]
[BlackElo "2320"]
[TimeControl "180+1"]
[EndTime "11:06:16 PST"]
[Termination "Alekseyviktorovich won on time"]

1. e4 e6 2. d4 d5 3. Nc3 Bb4 4.
e5 c5 5. a3 Bxc3+ 6. bxc3 Qa5 7. Bd2 Qa4 8. h4 cxd4 9. cxd4 Qxd4 10. Nf3 Qe4+ 11. Be3 Nc6 12. Bd3 Qa4 13. h5 h6 14.
Rh4 Qa5+ 15. Kf1 Nge7 16. Rg4 Kf8 17. Qe2 Qc7 18. Bc5 b6 19. Bd6 Qd7 20. Nh4 Bb7 21. c3 Rg8 22. Qf3 f5 23. exf6 Qxd6 24. fxe7+ Kxe7 25. Re1 Kd7 26. Qf7+ Qe7 27. Qf4 Raf8 28.
Qa4 Kc7 29. Ng6 Qf6 30. Rf4 Qxc3 31. Bb5 Rf6 32. Rxf6 Qxf6 33. Rc1 Rc8 34. Bxc6 Kb8 35. Qb5 e5 36. Nxe5 Qxe5 37. Re1 Bxc6 38. Qb4 Qh2 39. a4 Qh1+ 40. Ke2 Re8+ 41. Kd1 Qxe1+ 0-1

[Event "*** Titled Tuesday Blitz"]
[Site "Chess.com"]
[Date "2020.12.29"]
[Round "6"]
[White "midedu"]
[Black "VladimirBugayev"]
[Result "1-0"]
[WhiteElo "2129"]
[BlackElo "2271"]
[TimeControl "180+1"]
[EndTime "11:06:16 PST"]
[Termination "midedu won on time"]

1. e4 c6 2. d4 d5 3. Nd2 dxe4 4. Nxe4 Nf6 5. Ng5 Bf5 6. Bc4 e6 7. N1f3 h6 8. Nh3 Bd6 9. Nf4 O-O 10. O-O Qc7 11. Nd3 b5 12. Bb3 a5 13. a4 b4 14.
h3 Nbd7 15. Qe2 c5 16. dxc5 Nxc5 17. Nxc5 Bxc5 18. Be3 Rfc8 19. Rac1 Bd6 20. Rfd1 Be4 21. Bd4 Bb7 22. Bxf6 gxf6 23. Rd4 Bf4 24. Rcd1 Rd8 25. Ne1 f5 26. Qb5 Bc6 27. Rxd8+ Rxd8 28. Rxd8+ Qxd8 29. Qxc6 Qd1 30. g3 Qxe1+ 31. Kg2 Be5 32. Bxe6 fxe6 33.
Qxe6+ Kg7 34. Qxf5 Bf6 35. b3 Qe7 36. Kh2 Qb7 37.
Qxa5 Qf3 38. Qc7+ Kg6 39. Qc5 h5 40. h4 Qf5 41. Qc4 Qxf2+ 42. Kh3 1-0

[Event "*** Titled Tuesday Blitz"]
[Site "Chess.com"]
[Date "2020.12.29"]
[Round "6"]
[White "IsuruAlahakoon"]
[Black "arna"]
[Result "0-1"]
[WhiteElo "2272"]
[BlackElo "2142"]
[TimeControl "180+1"]
[EndTime "11:06:17 PST"]
[Termination "arna won on time"]

1. Nf3 d5 2. e3 c6 3. c4 Nf6 4. b3 Bf5 5. Bb2 e6 6. d4 Ne4 7. a3 Nd7 8. Nc3 Nxc3 9. Bxc3 Bd6 10. Bd3 Qf6 11. Bxf5 Qxf5 12. O-O O-O 13. Qe2 Qh5 14. Rfe1 Rfd8 15. cxd5 exd5 16. Bb4 Bxb4 17. axb4 a6 18. h3 Re8 19. Qd3 f5 20. Rac1 Re6 21. Rf1 Rae8 22.
Qd2 Rg6 23. Kh2 Rge6 24. Ne1 g5 25. Nd3 Rh6 26. Qd1 Qh4 27. Qf3 Rf8 28. Qg3 Qe4 29. Rcd1 g4 30. Qc7 Qe6 31. Qg3 Kh8 32. Nf4 Qf7 33. Kg1 gxh3 0-1

[Event "*** Titled Tuesday Blitz"]
[Site "Chess.com"]
[Date "2020.12.29"]
[Round "6"]
[White "pavelalexandru07"]
[Black "juli2512"]
[Result "1-0"]
[WhiteElo "2280"]
[BlackElo "2102"]
[TimeControl "180+1"]
[EndTime "11:06:17 PST"]
[Termination "pavelalexandru07 won by resignation"]

1. e4 c5 2. Nf3 d6 3. d4 cxd4 4.
Nxd4 Nf6 5. Nc3 Nc6 6. Bg5 e6 7. Qd2 Be7 8. f4 O-O 9. O-O-O Nxd4 10. Qxd4 Qc7 11. Be2 Rd8 12. Qd2 a6 13. Bf3 Rb8 14.
g4 b5 15. h4 b4 16. Ne2 a5 17.
Bxf6 Bxf6 18. g5 Be7 19. h5 a4 20. Kb1 d5 21. e5 b3 22. cxb3 axb3 23. axb3 Rxb3 24.
Nd4 Rb4 25. Rc1 Rc4 26. b3 Rc5 27. g6 fxg6 28. hxg6 h6 29. Bg4 Qb6 30. Qb2 Bd7 31.
Nf3 Rb8 32. Rxc5 Bxc5 33. Rc1 Be3 34. Rc3 Bxf4 35. Qe2 Qg1+ 36. Nxg1 Bg5 37. Qf3 Rf8 38. Qe2 Be7 39. Rf3 Rb8 40. Rf7 Bf8 41. Rxd7 1-0

[Event "*** Titled Tuesday Blitz"]
[Site "Chess.com"]
[Date "2020.12.29"]
[Round "6"]
[White "Anton_Zhukov04"]
[Black "PotapovaM"]
[Result "1/2-1/2"]
[WhiteElo "2252"]
[BlackElo "2542"]
[TimeControl "180+1"]
[EndTime "11:06:18 PST"]
[Termination "Game drawn by agreement"]

1. d4 Nf6 2. c4 e6 3. Nf3 d5 4.
Nc3 c5 5. cxd5 exd5 6. g3 Nc6 7.
Bg2 Be6 8. O-O cxd4 9. Nxd4 Bc5 10. Nxc6 bxc6 11. Qc2 Bd6 12. Rd1 O-O 13. e4 Qa5 14. exd5 cxd5 15. Be3 Be5 16. Bd4 Bxd4 17. Rxd4 Rab8 18.
Rad1 Rfc8 19. Qd2 Qb6 20. Nxd5 Bxd5 21. Bxd5 Qxb2 22. Bb3 Qxd2 23. R1xd2 Kf8 24. h4 Ke7 25. Re2+ Kf8 26. g4 Rd8 27. Red2 Rxd4 28. Rxd4 h6 29. g5 hxg5 30. hxg5 Nh5 31. Rd7 Ke8 32. Rxa7 Nf4 33.
Kh2 f6 34. Rxg7 Rb6 35. g6 f5 36. Bf7+ Ke7 37. Rg8 Kf6 38. Rc8 Nxg6 39. Bxg6 Kxg6 40.
Ra8 Kg5 41. a4 Rb4 42. a5 Kf4 43. Kg2 Ra4 44. a6 Ra2 45. a7 Ra3 1/2-1/2

[Event "*** Titled Tuesday Blitz"]
[Site "Chess.com"]
[Date "2020.12.29"]
[Round "6"]
[White "Vaathi_Coming"]
[Black "BogdanDeac"]
[Result "0-1"]
[WhiteElo "2853"]
[BlackElo "3022"]
[TimeControl "180+1"]
[EndTime "11:06:20 PST"]
[Termination "BogdanDeac won by resignation"]

1. Nf3 d5 2. b3 Nf6 3. Bb2 g6 4. e3 Bg7 5. c4 O-O 6. cxd5 Qxd5 7. Bc4 Qh5 8. Nc3 Ne4 9. Qc2 Nxc3 10. Bxc3 Nd7 11. Be2 Qc5 12. Rc1 c6 13. Qb2 Bxc3 14. Rxc3 Qd6 15. h4 Nf6 16. h5 Nxh5 17. Rc4 Qf6 18. Ne5 Ng7 19. Rf4 Qg5 20. Rfh4 h5 21.
g4 f6 22. f4 Qh6 23. Nf3 Be6 24. gxh5 g5 25. fxg5 fxg5 26. Re4 Bd5 27. d3 Bxe4 28. dxe4 g4 29. Ne5 Qxe3 30. h6 Qf2+ 31. Kd1 Rad8+ 32. Kc1 Qe3+ 33. Kb1 Qxe4+ 34. Qc2 Qxh1+ 35. Kb2 Qxh6 36. Bc4+ e6 37. Nxg4 Qf4 38. Qg2 Rd2+ 0-1

[Event "*** Titled Tuesday Blitz"]
[Site "Chess.com"]
[Date "2020.12.29"]
[Round "6"]
[White "krzyzan94"]
[Black "ShimanovAlex"]
[Result "0-1"]
[WhiteElo "2641"]
[BlackElo "2848"]
[TimeControl "180+1"]
[EndTime "11:06:20 PST"]
[Termination "ShimanovAlex won by resignation"]

1. c4 e6 2. g3 d5 3. Bg2 dxc4 4. Qa4+ Bd7 5. Qxc4 Bc6 6. Nf3 Nf6 7. O-O Be7 8. d3 O-O 9. e4 b5 10. Qc2 Bb7 11. a4 a6 12. Be3 Nc6 13. Rd1 Nb4 14. Qe2 c5 15. Nc3 Qe8 16. Ne5 Nd7 17. Nxd7 Qxd7 18.
d4 c4 19. d5 exd5 20. Nxd5 Bxd5 21. exd5 Bd6 22. Bd4 Rfe8 23. Qd2 Nd3 24. Bf1 Nc5 25. Qg5 f6 26. Qh4 Re4 27. Qh5 Nb3 28. Bh3 Qe8 29.
Qxe8+ Raxe8 30. Be3 Nxa1 31. Rxa1 b4 32. Rc1 c3 33.
bxc3 b3 34. Rb1 Rb8 35. Bf1 Rxa4 36. c4 b2 37. c5 Ra1 38. Rxb2 Rxb2 39. cxd6 Kf7 40.
Kg2 Rxf1 41. Kxf1 Ke8 42. Kg2 a5 43. Kf3 a4 44. Ke4 a3 45. Kf5 Kd7 46. Bd4 0-1

[Event "*** Titled Tuesday Blitz"]
[Site "Chess.com"]
[Date "2020.12.29"]
[Round "6"]
[White "chess94cu"]
[Black "Logman74"]
[Result "0-1"]
[WhiteElo "2577"]
[BlackElo "2390"]
[TimeControl "180+1"]
[EndTime "11:06:21 PST"]
[Termination "Logman74 won on time"]

1. e4 c6 2. d4 d5 3. exd5 cxd5 4. c4 Nf6 5. Nc3 e6 6. Nf3 Be7 7. cxd5 Nxd5 8. Bd3 O-O 9. O-O Nc6 10. Re1 Bf6 11.
Be4 Nce7 12. Bd2 b6 13. Nxd5 Nxd5 14. Ne5 Bb7 15. Qh5 g6 16. Qf3 Bg7 17. Rac1 Rc8 18. Qa3 Rxc1 19. Rxc1 Qh4 20. Re1 a5 21. g3 Qd8 22. h4 Qa8 23. Qd6 Rd8 24. Qa3 h5 25. Qf3 Rf8 26. Qb3 Bxe5 27. dxe5 Qd8 28. Bh6 Re8 29.
Rd1 Qc7 30. Qf3 Qxe5 31. Re1 Qxb2 32. Bg5 Rc8 33. Kg2 Qc3 34. Qe2 Qd4 35. Bf3 Qc5 36.
Rc1 Nc3 0-1

[Event "*** Titled Tuesday Blitz"]
[Site "Chess.com"]
[Date "2020.12.29"]
[Round "6"]
[White "Iskusnyh"]
[Black "elamier"]
[Result "0-1"]
[WhiteElo "2558"]
[BlackElo "2424"]
[TimeControl "180+1"]
[EndTime "11:06:21 PST"]
[Termination "elamier won by resignation"]

1. d4 Nf6 2. c4 g6 3. g3 Bg7 4.
Bg2 d5 5. cxd5 Nxd5 6. Nf3 O-O 7. O-O Nc6 8. e4 Nb6 9. d5 Na5 10. Qe1 Nac4 11. Nc3 c6 12. b3 Nd6 13. dxc6 bxc6 14. e5 Nb5 15. Nxb5 cxb5 16. Bg5 Bb7 17. Qb4 f6 18.
exf6 exf6 19. Rad1 Qe8 20. Rfe1 Qc8 21. Bc1 a6 22. Qd6 Qc6 23. Qxc6 Bxc6 24. Rd6 Rac8 25. Be3 Nd5 26. Bc5 Rfd8 27. Rxd8+ Rxd8 28. Nd4 Ba8 29. Ne6 Re8 30. Kf1 Bh6 31. f4 Kf7 32. Nd4 Ne3+ 33. Rxe3 Bxg2+ 34. Kf2 Rxe3 35. Kxe3 f5 36. Nc6 Bxc6 37.
Bd4 Bg7 38. Bc5 Ke6 39. h4 Kd5 40. Be7 Bd4+ 41. Kd3 Bf2 42. h5 gxh5 0-1

[Event "*** Titled Tuesday Blitz"]
[Site "Chess.com"]
[Date "2020.12.29"]
[Round "6"]
[White "ulkaf961"]
[Black "KhamzinOlzhas"]
[Result "1-0"]
[WhiteElo "2315"]
[BlackElo "2469"]
[TimeControl "180+1"]
[EndTime "11:06:21 PST"]
[Termination "ulkaf961 won on time"]

1. d4 d5 2. c4 c6 3. cxd5 cxd5 4. Bf4 a6 5. Nc3 Nc6 6. e3 Nf6 7. Bd3 e6 8. Rc1 Bd7 9. Nf3 b5 10. Ne5 Na5 11. O-O Rc8 12. Qe2 Be7 13. Bg3 Nc4 14. f4 O-O 15. Bf2 Nd6 16. g4 b4 17. g5 bxc3 18.
gxf6 Bxf6 19. bxc3 a5 20. Kh1 Ne4 21. Rg1 Bxe5 22.
fxe5 f5 23. Bg3 Nxc3 24. Qg2 Rf7 25. Bf4 Kh8 26. Qh3 Ne4 27. Bxe4 fxe4 28. Rcf1 Qf8 29. Rg4 Rc2 30. Rfg1 Rf5 31. Rh4 Qg8 32. Bh6 Rf7 33. Bg5 Rff2 34. Bf6 Rxh2+ 35. Qxh2 Rxh2+ 36. Rxh2 1-0

[Event "*** Titled Tuesday Blitz"]
[Site "Chess.com"]
[Date "2020.12.29"]
[Round "6"]
[White "Gabrielian_Artur"]
[Black "MumLookatMeNow"]
[Result "1-0"]
[WhiteElo "2781"]
[BlackElo "2517"]
[TimeControl "180+1"]
[EndTime "11:06:22 PST"]
[Termination "Gabrielian_Artur won by checkmate"]

1. e4 d5 2. exd5 Qxd5 3. Nc3 Qd8 4. d4 Nf6 5. Nf3 Bg4 6. h3 Bxf3 7. Qxf3 c6 8. Be3 e6 9. O-O-O Bb4 10. Ne4 Nxe4 11. Qxe4 Qd5 12. Qxd5 cxd5 13. c3 Bd6 14. h4 h5 15. f3 Nd7 16. g4 g6 17. Be2 a6 18.
Kb1 b5 19. Kc2 Be7 20. gxh5 Rxh5 21. Bf2 Nf6 22. a4 b4 23. a5 Kd7 24. Kb3 bxc3 25. bxc3 Rhh8 26. Kc2 Ne8 27. Rb1 Nd6 28. Rb6 Bd8 29.
Rxa6 Rxa6 30. Bxa6 Bxa5 31. Ra1 Bc7 32. Bd3 Nf5 33.
Ra7 Kc6 34. Bxf5 gxf5 35. Kd3 Rg8 36. Ke2 Rh8 37. Ra1 Bd8 38. Rh1 Rh5 39. f4 Kb5 40.
Kd3 Ba5 41. Rb1+ Kc6 42. Rb8 Kd7 43. Rb7+ Bc7 44. c4 dxc4+ 45. Kxc4 Kc6 46. Ra7 Kb6 47.
d5# 1-0